 Dungeon Crawl Stone Soup version 0.29-a0-813-g4a14ea37d6 (webtiles) character file.

Game seed: 558674578511513904

308 polve the Trooper (level 6, 0/49 HPs)
             Began as a Demonspawn Gladiator on July 4, 2022.
             Frozen to death by an endoplasm (1 damage)
             ... on level 4 of the Dungeon.
             The game lasted 00:02:33 (3415 turns).

polve the Trooper (Demonspawn Gladiator)            Turns: 3415, Time: 00:02:33

Health: 0/49       AC:  6    Str: 19    XL:     6   Next: 17%
Magic:  0/6        EV: 12    Int:  9    God:
Gold:   171        SH:  0    Dex: 14    Spells: 5/5 levels left

rFire   . . .      SeeInvis .   o - +6 quarterstaff of Disharmony {pain, rPois Str+2 Stlth+}
rCold   . . .      Faith    .   (shield currently unavailable)
rNeg    . . .      Spirit   +   b - +0 leather armour
rPois   +          Reflect  .   c - +0 helmet
rElec   .          Harm     .   (no cloak)
rCorr   .          Rampage  .   (no gloves)
Will    .....                   (no boots)
Stlth   ++........              v - amulet of guardian spirit
HPRegen 0.16/turn               (no ring)
MPRegen 0.10/turn               (no ring)

@: no status effects
A: thin metallic scales 1, weakness stinger 1
a: no special abilities


You were on level 4 of the Dungeon.
You visited 1 branch of the dungeon, and saw 5 of its levels.

You collected 171 gold pieces.

Inventory:

Hand Weapons
 a - a +0 war axe
 o - the +6 quarterstaff of Disharmony (weapon) {pain, rPois Str+2 Stlth+}
   (You found it on level 2 of the Dungeon)

   In the hands of one skilled in necromantic magic, it inflicts extra damage on
   living creatures.
   Str:       It affects your strength (+2).
   rPois:     It protects you from poison.
   Stlth:     It makes you more stealthy.
Missiles
 d - 3 throwing nets (quivered)
 e - a javelin
Armour
 b - a +0 leather armour (worn)
 c - a +0 helmet (worn)
Jewellery
 v - an amulet of guardian spirit (around neck)
Scrolls
 f - a scroll of teleportation {unknown}
 h - 3 scrolls of vulnerability {unknown}
 j - 5 scrolls of identify {unknown}
 l - 2 scrolls of immolation {unknown}
 m - 2 scrolls of fog {unknown}
 p - 2 scrolls of noise {unknown}
 q - a scroll of amnesia {unknown}
 s - a scroll of enchant weapon {unknown}
 t - a scroll of enchant armour {unknown}
Potions
 g - 2 potions of might {unknown}
 i - a potion of magic {unknown}
 k - a potion of heal wounds {unknown}
 n - a potion of curing {unknown}
 r - a potion of flight {unknown}
 u - a potion of ambrosia {unknown}
 w - a potion of lignification {unknown}


   Skills:
 + Level 4.7 Fighting
 - Level 3.4(4.1) Axes
 + Level 3.2(4.0) Polearms
 - Level 1.7 Throwing
 - Level 2.6 Dodging


You had 5 spell levels left.
You didn't know any spells.
Your spell library contained the following spells:

 Spells                   Type           Power      Damage    Failure   Level
 Ensorcelled Hibernation  Hex/Ice        0%         N/A       58%         2
 Conjure Flame            Conj/Fire      0%         6-21      82%         3
 Ignite Poison            Fire/Tmut/Pois 0%         N/A       82%         3
 Spider Form              Tmut/Pois      0%         N/A       82%         3
 Anguish                  Hex/Necr       0%         N/A       99%         4
 Sticky Flame             Conj/Fire      0%         2d3       99%         4


Dungeon Overview and Level Annotations

Branches:
Dungeon (5/15)
 Temple: D:4-7

Altars:

Shops:
D:2 (


Innate Abilities, Weirdness & Mutations

You are partially covered in thin metallic scales. (AC +2)
You have a small tail.


Message History

You kill the quokka!
The water moccasin barely misses you.
You see here a quokka corpse.
You barely miss the water moccasin.
The water moccasin bites you but does no damage.
The water moccasin misses you.
You miss the water moccasin. The water moccasin bites you! x2
* * * LOW HITPOINT WARNING * * *
You sock the water moccasin!
The water moccasin is moderately wounded.
The water moccasin barely misses you. The endoplasm hits you.
* * * LOW HITPOINT WARNING * * *
The water moccasin misses you.
You sock the water moccasin!
The water moccasin is severely wounded.
The endoplasm freezes you.
You are frozen.
* * * LOW HITPOINT WARNING * * *
The water moccasin barely misses you.
You hit the water moccasin.
The water moccasin is almost dead.
The water moccasin barely misses you. The endoplasm freezes you.
You are frozen.
* * * LOW HITPOINT WARNING * * *
The water moccasin bites you.
* * * LOW HITPOINT WARNING * * *
The endoplasm hits you.
* * * LOW HITPOINT WARNING * * *
You hit the water moccasin but do no damage.
Your tail-slap misses the water moccasin.
The water moccasin is almost dead.
The water moccasin barely misses you. The endoplasm hits you.
* * * LOW HITPOINT WARNING * * *
The water moccasin completely misses you.
You sock the water moccasin!
You kill the water moccasin!
The endoplasm freezes you.
You are frozen.
You die...

...........##........
####.#...........#. #
#.#.=.#...#...
#....###†....#
#.##.#$#.##..#
......##'.)...+
###.<.#...#####...#
#......# ... #.....@+
? ##...#J# #.#...#
#..##+. ##. . !. ..
.. #. ..


You could see an endoplasm.

Vanquished Creatures
  A water moccasin (D:4)
  A phantom (D:4)
  A scorpion (D:4)
  A jelly (D:4)
  2 iguanas (D:4)
  4 adders
  A worm (D:3)
  2 dart slugs
  An orc (D:4)
  8 bats
  4 endoplasms
  2 giant cockroaches
  3 goblins
  4 hobgoblins
  5 quokkas
  5 ball pythons
  2 frilled lizards
  4 kobolds
  2 rats
53 creatures vanquished.

Notes
Turn   | Place    | Note
-------+----------+-------------------------------------------
     0 | D:1      | polve the Demonspawn Gladiator began the quest for the Orb.
     0 | D:1      | Reached XP level 1. HP: 16/16 MP: 1/1
     6 | D:1      | Noticed a swamp drake
     6 | D:1      | Noticed a polar bear
     6 | D:1      | Noticed a wolf
     7 | D:1      | Noticed a scorpion
     7 | D:1      | Noticed an anaconda
   302 | D:1      | Found a faded altar of an unknown god.
   915 | D:1      | Gained mutation: You have a small tail. [demonic ancestry]
   915 | D:1      | Reached XP level 2. HP: 19/22 MP: 2/2
  1784 | D:2      | Gained mutation: You are partially covered in thin metallic
                  | scales. (AC +2) [demonic ancestry]
  1784 | D:2      | Reached XP level 3. HP: 22/28 MP: 3/3
  2343 | D:2      | Found Asozxo's Weapon Shop.
  2351 | D:2      | Identified the +6 quarterstaff of Disharmony {pain, rPois
                  | Str+2 Stlth+}
  2614 | D:3      | Reached skill level 3 in Fighting
  2735 | D:3      | Reached skill level 1 in Polearms
  2768 | D:3      | Reached XP level 4. HP: 28/35 MP: 4/4
  2923 | D:3      | You fall into a shaft and drop 2 floors!
  2923 | D:5      | Entered Level 5 of the Dungeon
  2924 | D:5      | Noticed an ice beast
  2930 | D:4      | Noticed a scorpion
  2940 | D:4      | Killed a scorpion
  3019 | D:4      | Reached XP level 5. HP: 42/42 MP: 5/5
  3064 | D:4      | Reached skill level 4 in Fighting
  3378 | D:4      | Noticed a phantom
  3388 | D:4      | Killed a phantom
  3389 | D:4      | Reached XP level 6. HP: 24/49 MP: 4/6
  3403 | D:4      | Noticed a water moccasin
  3413 | D:4      | HP: 2/49 [endoplasm (1)]
  3415 | D:4      | Killed a water moccasin
  3415 | D:4      | Frozen to death by an endoplasm

Illustrated notes

Levels and vault maps discovered:
D:1:      onia_arrival_zoo_common, layout_basic,
          hellmonk_ecumenical_altar_zigzags, serial_corexii_hall,
          corexii_hall_statues_x, corexii_hall_statues_i,
          corexii_hall_statues_x, corexii_hall_statues_x, minmay_door_square
D:2:      layout_loops_cross, serial_shops, shop, minmay_pentomino_z4
D:3:      layout_basic, uniq_grinder, uniq_crazy_yiuf_cottage
D:4:      layout_loops_ring, minmay_temple_entry_junction_2,
          minmay_fractal_squares_diagonal_5
D:5:      layout_cave_pools, serial_column_ruins,
          column_ruins_corridor_dead_end, column_ruins_columns_straight,
          column_ruins_open_small, column_ruins_open_tiny,
          column_ruins_open_tiny, serial_shops, nicolae_stop_n_shop_1,
          chequers_serial_rivers_large_a, uniq_edmund, uniq_pikel

Skill      XL: |  1  2  3  4  5 |
---------------+----------------+-----
Axes           | 3 |  3.4
Fighting       | 3 4 |  4.7
Polearms       | 1 2 3 |  3.2
Throwing       | |  1.7
Dodging        | |  2.6

Action                   |  1- 3 |  4- 6 || total
-------------------------+-------+-------++-------
Melee: War axe           |    66 |       ||    66
       Tailslap          |     8 |     6 ||    14
       Punch             |     2 |       ||     2
       Quarterstaff      |    26 |    63 ||    89
 Stab: Sleeping          |     2 |     1 ||     3
Armor: Leather armour    |    34 |    21 ||    55
Dodge: Dodged            |    68 |    53 ||   121

Table legend: (Time is in decaauts)
 A = Elapsed time spent in this place.
 B = Non-inter-level travel time spent in this place.
 C = Inter-level travel time spent in this place.
 D = Time resting spent in this place.
 E = Time spent auto-exploring this place.
 F = Levels seen in this place.
 G = Mean time per level.
                   A        B        C        D        E       F      G
               +--------+--------+--------+--------+--------+-----+--------+
         Total |   3460 |   3417 |     43 |      0 |   3020 |   5 |  692.0 |
       Dungeon |   3460 |   3417 |     43 |      0 |   3020 |   5 |  692.0 |
               +--------+--------+--------+--------+--------+-----+--------+

Top non-repeatable levels by time:
     D:1: 1503 daAuts
     D:2: 1133 daAuts
     D:4: 500 daAuts
     D:3: 318 daAuts
     D:5: 5 daAuts
